AoeStats
← firestarter0708

Nomad

510156199Analyzed
2v2 RM · 4d ago on Sep 29, 2026· 42m 4s· 4 players
Game mode
Random Map
Map size
176×176
Population
200
Speed
Normal
Resources
Standard
Victory
Conquest
Starting age
Dark Age
Ending age
Imperial Age
RankedLock teamsTeams togetherTeam positionsShared explorationLock speedFull tech treeHidden civsTurbo modeCheats
Victory
Defeat
🇭🇺 Mongols · Hungary
1020
+14
🇸🇪 Inca · Sweden
944
+18
🇦🇹 Huns · Austria
1013
-17
🇩🇪 Franks · Germany
954
-15
firestarter0708
14:00 Loom
16:21 Feudal Age
19:25 Fletching
19:35 Padded Archer Armor
20:37 Wheelbarrow
19:47 Town Watch
19:52 Double-Bit Axe
19:50 Horse Collar
23:25 Scale Barding Armor
31:52 Castle Age
31:29 Forging
33:03 Bodkin Arrow
33:59 Bow Saw
33:52 Heavy Plow
35:06 Hand Cart
drumm.magnus
16:53 Feudal Age
26:31 Castle Age
26:45 Scale Barding Armor
26:41 Scale Mail Armor
27:33 Husbandry
30:01 Crossbowman
wxyz80
17:15 Feudal Age
17:24 Man-at-Arms
26:00 Castle Age
27:32 Gold Mining
27:34 Double-Bit Axe
27:21 Elite Skirmisher
29:02 Wheelbarrow
29:01 Scale Barding Armor
30:47 Bloodlines
32:49 Forging
32:58 Pikeman
35:09 Bow Saw
35:42 Husbandry
37:42 Chain Barding Armor
39:39 Hand Cart
40:46 Town Watch
42:16 Horse Collar
35 year old virgin
4:23 Loom
14:27 Feudal Age
15:22 Gold Mining
15:41 Champi Runner
16:34 Forging
18:09 Scale Mail Armor
21:33 Arson
22:41 Wheelbarrow
25:40 Castle Age
25:48 Fletching
26:12 Champi Warrior
29:26 Gold Shaft Mining
30:28 Double-Bit Axe
30:23 Horse Collar
37:48 Hand Cart
37:11 Pikeman
42:33 Iron Casting
42:14 Chain Mail Armor
Connection lost

Rejoining the realm…

Still unreachable

The connection could not be restored.

Session expired

The server has moved on; the page needs a fresh start.